Map: Galactic Process LE

Players

Rail - Winner!

  • Race: Protoss Protoss

FeaR

  • Race: Protoss Protoss
  • League: Master

Event: DreamHack ZOWIE Open Valencia 2016

VOD

Have the link to the VOD?

Description

Time

  • Played on: July 14, 2016, 10:49 a.m.
  • Length: 9:52

All games in this series

Show
View Real Time Build Order
Export as new Build Order

Rail Protoss - Winner!

Build Orders: Zealot Archon 

Get SALT Encoding   

  12  0:01  Probe (Chrono Boost)  
  13  0:11  Probe (Chrono Boost)  
  14  0:18  Pylon  
  14  0:22  Probe (Chrono Boost)  
  15  0:36  Probe (Chrono Boost)  
  15  0:37  Gateway  
  16  0:47  Assimilator, Probe (Chrono Boost)  
  17  0:53  Assimilator  
  17  0:57  Probe (Chrono Boost)  
  18  1:05  Gateway  
  18  1:08  Probe (Chrono Boost)  
  20  1:18  Probe (Chrono Boost)  
  20  1:26  Cybernetics Core  
  20  1:29  Probe (Chrono Boost)  
  20  1:32  Pylon  
  21  1:39  Probe (Chrono Boost)  
  22  1:50  Probe (Chrono Boost)  
  24  2:03  Stalker  
  24  2:04  Mothership Core (Chrono Boost)  
  24  2:05  Stalker, Warp Gate  
  29  2:22  Probe (Chrono Boost)  
  30  2:33  Probe (Chrono Boost)  
  31  2:40  Pylon  
  31  2:54  Robotics Facility  
  31  2:57  Pylon  
  34  2:58  Probe (Chrono Boost)  
  32  3:07  Nexus  
  32  3:10  Probe (Chrono Boost)  
  33  3:13  Sentry  
  33  3:16  Sentry  
  37  3:22  Pylon  
  38  3:27  Probe (Chrono Boost)  
  38  3:40  Pylon, Probe (Chrono Boost)  
  39  3:49  Immortal  
  39  3:52  Probe (Chrono Boost)  
  45  4:02  Probe (Chrono Boost)  
  45  4:05  Twilight Council  
  45  4:13  Probe (Chrono Boost)  
  46  4:21  Probe (Chrono Boost)  
  47  4:27  Probe (Chrono Boost)  
  47  4:28  Immortal  
  52  4:32  Sentry, Probe (Chrono Boost)  
  52  4:38  Probe (Chrono Boost)  
  56  4:42  Probe (Chrono Boost)  
  57  4:48  Pylon, Probe (Chrono Boost)  
  57  4:52  Assimilator  
  58  4:54  Assimilator  
  58  4:57  Resonating Glaives  
  58  4:58  Probe (Chrono Boost)  
  59  5:04  Probe (Chrono Boost)  
  59  5:06  Immortal  
  60  5:09  Gateway  
  60  5:11  Probe (Chrono Boost)  
  65  5:18  Probe (Chrono Boost), Gateway  
  66  5:21  Probe (Chrono Boost)  
  66  5:28  Probe (Chrono Boost)  
  68  5:32  Gateway  
  68  5:33  Gateway  
  69  5:35  Probe (Chrono Boost)  
  69  5:40  Pylon, Probe (Chrono Boost)  
  70  5:43  Observer  
  70  5:46  Probe (Chrono Boost)  
  72  5:50  Gateway  
  72  5:55  Templar Archives  
  72  5:59  Warp Prism  
  72  6:04  Pylon  
  72  6:09  Pylon  
  74  6:11  Adept x2  
  74  6:15  Pylon  
  74  6:16  Adept  
  80  6:19  Adept  
  82  6:30  Adept  
  82  6:31  Adept  
  86  6:33  Gateway  
  86  6:35  Pylon  
  86  6:40  Adept  
  86  6:41  Adept  
  90  6:50  Adept x2  
  90  6:52  Pylon  
  94  6:58  High Templar  
  94  6:59  High Templar x3  
  102  7:01  Adept  
  102  7:03  Archon  
  102  7:04  Archon  
  102  7:06  Pylon  
  104  7:11  Adept x2  
  108  7:25  Adept  
  108  7:28  Adept  
  108  7:29  Adept x4  
  120  7:32  Adept x2  
  124  7:52  Adept x4  
  124  7:53  Adept  
  130  7:59  Adept x2  
  132  8:10  Adept  
  132  8:11  Adept  
  110  8:15  Adept x2  
  110  8:16  Sentry, Adept  
  90  8:21  Sentry x2  
  88  8:33  Sentry  
  88  8:36  Adept  
  88  8:37  Adept x2  
  88  8:41  Adept x2  
  88  8:51  Sentry, Adept  
  86  8:56  Adept  
  86  8:57  Zealot  
  86  8:58  Adept x2  
  86  9:12  Adept  
  86  9:13  Adept x2  
  86  9:15  Adept  
  90  9:22  Adept  
  84  9:26  Adept  
  84  9:33  Adept  
  74  9:39  Sentry, Adept  
  78  9:49  Adept x5  
Show
View Real Time Build Order
Export as new Build Order

FeaR Protoss 

Build Orders:  

Get SALT Encoding   

  12  0:00  Probe (Chrono Boost)  
  13  0:11  Probe (Chrono Boost)  
  14  0:18  Pylon  
  14  0:22  Probe (Chrono Boost)  
  15  0:36  Probe (Chrono Boost)  
  15  0:37  Gateway  
  16  0:47  Probe (Chrono Boost)  
  16  0:48  Assimilator  
  17  0:52  Assimilator  
  17  0:57  Probe (Chrono Boost)  
  18  1:04  Gateway  
  18  1:08  Probe (Chrono Boost)  
  20  1:18  Probe (Chrono Boost)  
  20  1:24  Cybernetics Core  
  20  1:29  Probe (Chrono Boost)  
  21  1:34  Pylon  
  21  1:39  Probe (Chrono Boost)  
  22  1:49  Warp Gate  
  22  1:50  Probe (Chrono Boost)  
  23  2:00  Stalker x2  
  27  2:13  Mothership Core (Chrono Boost)  
  29  2:17  Pylon  
  29  2:30  Stalker  
  29  2:35  Sentry  
  34  2:37  Probe (Chrono Boost)  
  34  2:49  Probe (Chrono Boost)  
  35  3:05  Nexus  
  35  3:16  Robotics Facility  
  35  3:21  Sentry  
  35  3:24  Probe (Chrono Boost)  
  37  3:27  Pylon  
  37  3:36  Probe (Chrono Boost)  
  37  3:43  Forge  
  37  3:47  Probe (Chrono Boost)  
  38  3:56  Stalker  
  38  3:57  Probe (Chrono Boost)  
  41  4:03  Observer  
  41  4:05  Protoss Ground Weapons Level 1  
  41  4:08  Probe (Chrono Boost)  
  43  4:17  Probe (Chrono Boost)  
  43  4:20  Probe (Chrono Boost)  
  45  4:28  Probe (Chrono Boost)  
  45  4:30  Immortal  
  47  4:32  Probe (Chrono Boost)  
  52  4:38  Probe (Chrono Boost)  
  52  4:44  Probe (Chrono Boost)  
  53  4:50  Probe (Chrono Boost)  
  54  4:56  Probe (Chrono Boost)  
  54  4:58  Pylon  
  55  5:03  Assimilator, Probe (Chrono Boost)  
  55  5:04  Immortal  
  57  5:08  Probe (Chrono Boost)  
  57  5:11  Twilight Council  
  62  5:15  Probe (Chrono Boost)  
  62  5:20  Probe (Chrono Boost)  
  63  5:25  Stalker  
  63  5:26  Stalker  
  63  5:27  Probe (Chrono Boost)  
  68  5:34  Pylon, Blink  
  68  5:35  Assimilator  
  68  5:47  Immortal, Gateway  
  68  5:55  Gateway  
  72  5:58  Stalker  
  72  6:01  Probe (Chrono Boost)  
  76  6:07  Stalker  
  76  6:11  Pylon  
  78  6:12  Probe (Chrono Boost)  
  78  6:16  Gateway  
  78  6:30  Stalker  
  85  6:33  Probe (Chrono Boost)  
  85  6:40  Pylon  
  85  6:41  Pylon  
  85  6:42  Sentry  
  85  6:43  Sentry  
  85  6:53  Warp Prism  
  85  7:00  Stalker  
  89  7:01  Gateway  
  89  7:04  Stalker, Pylon  
  89  7:07  Stalker x2  
  95  7:12  Stalker  
  97  7:15  Pylon  
  97  7:24  Stalker  
  97  7:27  Stalker  
  101  7:32  Robotics Bay  
  101  7:40  Adept x3  
  101  7:53  Adept  
  101  7:54  Adept  
  105  8:07  Adept  
  105  8:08  Adept x3  
  99  8:16  Adept  
  99  8:17  Adept  
  81  8:20  Disruptor  
  80  8:30  Adept x3  
  76  8:37  Adept x3  
  72  8:51  Adept x3, Disruptor  
  79  9:05  Adept x2  
  79  9:06  Adept  
  73  9:12  Adept  
  61  9:19  Adept x2  
  58  9:30  Adept x2  
  55  9:37  Adept  
  50  9:41  Sentry  

Tags
 
Add a new tag
Caveats
  • Supply blocks, unpowered buildings, or Contaminate may cause inaccurate times.
  • Supply counts are checked every 10 seconds.